Celery, chaotic female human Rogue ----- |...+ |<..| |...|#% |..@@) |...| |..f.##########0 ----- # ### Celery the Rogue Experience level: 8 Strength: 14 Dexterity: 18 Constitution: 14 Intelligence: 12 Wisdom: 10 Charisma: 10 Health: 0(64) Energy: 32(32) AC: 0 Gold: 0 Moves: 5614 Your Inventory: Weapons A - 4 cursed +0 daggers (wielded) Armor c - an uncursed +1 leather armor (being worn) g - an uncursed +0 iron skull cap [orcish helm] (being worn) y - an uncursed +1 pair of hard shoes [iron] (being worn) z - a blessed +2 cloak of displacement (being worn) Rings r - an uncursed [+1] bronze ring [of increase accuracy] P - an uncursed black onyx ring [of sustain ability] W - an uncursed ring of invisibility Wands a - an [uncursed] electrum wand [of secret door detection (0:13)] l - a blessed wand of locking [0:5] T - an uncursed wand of magic missile [0:4] Tools e - an uncursed lock pick s - an uncursed bag called holding [of holding] Gems q - 2 uncursed green gems [worthless glass] C - 2 uncursed white gems [worthless glass] H - 2 uncursed yellowish brown gems [worthless glass] Contents of the bag of holding: 1571 gold pieces an uncursed [+0] dwarvish mattock an uncursed [+0] runed dagger [elven] an uncursed +0 hooded cloak [dwarvish] a blessed +0 pair of walking shoes [low] an uncursed scroll labeled ACHAT SHTAYIM SHALOSH [of enchant armor] an uncursed scroll labeled HZLRC KSTSBD MPFNG [of enchant weapon] an uncursed scroll labeled KO BATE [of light] an uncursed scroll labeled YUM YUM [of gold detection] an uncursed scroll labeled ZLORFIK [of identify] a cursed scroll of teleportation a blessed unlabeled scroll [of blank paper] an uncursed unlabeled scroll [of blank paper] an uncursed shining spellbook [of sleep] an uncursed potion of oil an uncursed potion of sickness 2 uncursed silver potions [of see invisible] an uncursed smoky potion [of hallucination] a cursed [-1] opal ring [of adornment] 7 uncursed [tallow] candles an uncursed sack Spells known in the end: Name Level Category Fail Memory Your skills at the end: Fighting Skills Weapon Skills dagger [Skilled / Expert] short sword [Basic / Expert] Spellcasting Skills Final Attributes: You were piously aligned. Hunger level was 763. Your alignment was 38 / 38. Monster difficulty range was 1 - 8. Level difficulty was 8. You resisted poison. You were telepathic. You were displaced. You were stealthy. Your luck was zero. You are dead. Vanquished creatures: a chameleon a giant beetle a leprechaun a gold golem 3 jaguars a blue jelly a dust vortex an ape a rope golem a water nymph 2 rock piercers an enormous rat a rock mole a pony a yellow light a gnome lord a gray ooze a paper golem 6 giant ants a floating eye 2 dwarves a kobold lord a monkey 2 orc zombies 2 iguanas 8 killer bees 4 acid blobs 3 coyotes a gas spore 2 hobbits 3 hobgoblins 5 cave spiders a brown mold a yellow mold 2 green molds 4 gnome zombies 5 geckos 5 jackals a fox 2 kobolds 3 goblins a sewer rat 4 grid bugs a lichen 2 kobold zombies 2 newts 96 creatures vanquished. Voluntary challenges: You used a wielded weapon 108 times. You read items or engraved 3 times. You put on armor 10 times. You never genocided any monsters. You never polymorphed an object. You never changed form. You used no wishes. You never wrote Elbereth's name. You never encountered a bones level. You never used any Sokoban shortcuts. Dungeon overview: The Dungeons of Doom: levels 1 to 8 Level 1 a fountain a long staircase Level 2 an altar to Kos, a fountain, a sink Level 3 a fountain Level 4 an altar a long staircase Level 6 a music store, a sink Level 7 some altars Level 8 <- You were here History has recorded: On T:1 you entered the Dungeons of Doom to retrieve the Amulet of Yendor! On T:232 you advanced to experience level 2. On T:409 you advanced to experience level 3. On T:508 you reached level 2 of The Dungeons of Doom. On T:906 you reached level 3 of The Dungeons of Doom. On T:927 you advanced to experience level 4. On T:1463 you advanced to experience level 5. On T:1893 you reached level 4 of The Dungeons of Doom. On T:2610 you reached level 5 of The Dungeons of Doom. On T:2779 you advanced to experience level 6. On T:3239 you reached level 6 of The Dungeons of Doom. On T:3973 you advanced to experience level 7. On T:4456 you reached level 7 of The Dungeons of Doom. On T:4718 you advanced to experience level 8. On T:5157 you reached level 8 of The Dungeons of Doom. Latest messages: The jaguar hits! (2x) The jaguar bites! [HP-9=23] You kill the jaguar! The Green-elf picks up 7 uncursed +0 daggers. You hit the Green-elf. The Green-elf wields 7 uncursed +0 daggers! [HP+1=24] You hit the Green-elf. The Green-elf thrusts her dagger. The Green-elf hits! [HP-11=13] You hit the Green-elf. The Green-elf thrusts her dagger. The Green-elf hits! [HP-8=5] You fill your quiver: h - a runed dagger (in quiver). The runed dagger hits the Green-elf! The Green-elf thrusts her dagger. The Green-elf hits! You die... The sack is empty. Final status: Goodbye Celery the Rogue... You died in The Dungeons of Doom on dungeon level 8 with 4926 points, and 1571 pieces of gold, after 5614 moves. You were level 8 with a maximum of 64 hit points when you died.